AoeStats
← MrFeuillu

Nomad

509454264Analyzed
2v2 RM · 4d ago on Sep 26, 2026· 35m 34s· 4 players
Game mode
Random Map
Map size
176×176
Population
200
Speed
Normal
Resources
Standard
Victory
Conquest
Starting age
Dark Age
Ending age
Imperial Age
RankedLock teamsTeams togetherTeam positionsShared explorationLock speedFull tech treeHidden civsTurbo modeCheats
Victory
Defeat
🇦🇷 Dravidians · Argentina
1353
+16
🇦🇷 Inca · Argentina
1353
+16
🇫🇷 Persians · France
1383
-18
🇫🇷 Huns · France
1309
-14
MrFeuillu
7:42 Loom
13:15 Feudal Age
20:29 Castle Age
18:44 Horse Collar
18:51 Double-Bit Axe
24:08 Forging
Don't Worry Be Happy
5:20 Loom
13:40 Feudal Age
14:22 Double-Bit Axe
14:30 Gold Mining
19:50 Horse Collar
21:09 Wheelbarrow
24:43 Castle Age
25:53 Scale Barding Armor
25:59 Forging
30:30 Bloodlines
30:41 Heavy Plow
Alérgico al Clutch
10:50 Loom
13:09 Feudal Age
19:45 Castle Age
19:14 Champi Runner
19:40 Arson
21:18 Fishing Lines
22:38 Gillnets
23:14 Medium Warships
24:46 Horse Collar
25:33 Scale Mail Armor
27:19 Double-Bit Axe
27:52 Champi Warrior
29:41 Chain Mail Armor
29:37 Forging
31:04 Bow Saw
32:07 Heavy Plow
34:16 Wheelbarrow
33:26 Town Watch
Blade
5:09 Loom
14:32 Feudal Age
15:26 Double-Bit Axe
15:52 Fletching
21:05 Castle Age
19:17 Fishing Lines
20:31 Padded Archer Armor
20:25 Gold Mining
21:12 Wheelbarrow
22:22 Medium Warships
22:08 Bodkin Arrow
22:30 Bow Saw
23:36 Gillnets
24:41 Stone Mining
26:16 Ballistics
27:50 Hand Cart
28:32 Town Watch
29:06 Scale Barding Armor
29:37 Light Cavalry
30:17 Husbandry
30:30 Forging
32:10 Chain Barding Armor
Connection lost

Rejoining the realm…

Still unreachable

The connection could not be restored.

Session expired

The server has moved on; the page needs a fresh start.